Map: Acropolis LE

Players

LuIsBoR

  • Race: Protoss Protoss
  • League: Master
  • Spawn Location: 5:00

MonstR - Winner!

  • Race: Terran Terran
  • League: Master
  • Spawn Location: 11:00

VOD

Have the link to the VOD?

Description

Time

  • Played on: Oct. 29, 2019, 11:25 a.m.
  • Length: 5:55
Show
View Real Time Build Order
Export as new Build Order

LuIsBoR Protoss 

Build Orders:  

Get SALT Encoding   

  12  0:00  Probe  
  13  0:13  Probe  
  14  0:17  Pylon  
  14  0:25  Probe (Chrono Boost)  
  15  0:37  Probe (Chrono Boost)  
  15  0:38  Gateway  
  16  0:45  Probe (Chrono Boost)  
  16  0:49  Assimilator  
  17  0:51  Probe  
  18  1:03  Probe  
  19  1:15  Probe  
  20  1:25  Cybernetics Core  
  20  1:26  Zealot  
  20  1:27  Probe  
  20  1:31  Pylon  
  23  2:00  Stalker (Chrono Boost)  
  25  2:10  Probe  
  24  2:23  Probe  
  24  2:32  Nexus  
  24  2:35  Warp Gate, Probe  
  25  2:37  Assimilator  
  25  2:41  Stalker (Chrono Boost)  
  27  2:47  Probe  
  28  2:57  Shield Battery  
  28  2:59  Probe  
  29  3:06  Stalker (Chrono Boost)  
  31  3:13  Shield Battery  
  31  3:22  Robotics Facility  
  31  3:31  Pylon  
  31  3:43  Probe, Stalker  
  34  3:59  Pylon  
  34  4:02  Gateway  
  30  4:32  Stalker  
  30  4:39  Immortal (Chrono Boost)  
  30  4:47  Gateway  
  30  4:57  Stalker  
  30  4:58  Stalker  
  33  5:14  Probe  
  32  5:17  Robotics Facility  
  32  5:19  Pylon  
  32  5:23  Stalker x2  
  29  5:48  Stalker x2  
Show
View Real Time Build Order
Export as new Build Order

MonstR Terran - Winner!

Build Orders: 2 Factory, Cyclone Opening 

Get SALT Encoding   

  12  0:00  SCV  
  13  0:13  SCV  
  14  0:18  Supply Depot  
  14  0:25  SCV  
  15  0:40  SCV  
  15  0:41  Barracks  
  16  0:46  Refinery  
  16  0:52  SCV  
  17  0:58  Refinery  
  17  1:04  SCV  
  18  1:16  SCV  
  19  1:28  Reaper, Orbital Command  
  20  1:35  Supply Depot  
  20  1:51  Factory  
  20  1:54  SCV  
  21  2:06  SCV  
  22  2:28  SCV  
  23  2:34  Factory Tech Lab  
  23  2:35  Barracks Reactor, Factory  
  23  2:39  Supply Depot  
  23  2:40  SCV  
  24  2:52  Cyclone  
  24  2:54  Mag-Field Accelerator  
  24  2:55  SCV  
  28  3:01  Supply Depot  
  28  3:07  SCV  
  29  3:19  SCV  
  30  3:24  Cyclone, Widow Mine x2  
  37  3:31  SCV  
  38  3:45  Widow Mine  
  38  3:46  Widow Mine  
  38  3:47  Supply Depot, SCV  
  43  3:58  Cyclone  
  44  4:14  Widow Mine x2, SCV  
  45  4:26  SCV  
  45  4:30  Cyclone  
  49  4:38  SCV  
  49  4:43  Widow Mine x2  
  54  4:46  Supply Depot  
  54  4:50  SCV  
  54  5:09  Cyclone, Widow Mine  
  59  5:22  Widow Mine  
  59  5:26  Command Center  
Tags
 
Add a new tag
Caveats
  • Supply blocks, unpowered buildings, or Contaminate may cause inaccurate times.
  • Supply counts are checked every 10 seconds.